[ AOE2 MATCH · #506134780 ]
UnrankedIncas vs Hindustanis
Player's team · LOSS
[ REPLAY ANALYSIS · EXTRACTED FROM THE RECORDED GAME ]
Feudal
11:10
Castle
20:19
Imperial
41:01
| APM avg | 56.2 |
| APM peak | 92 |
| eAPM avg | 23.4 |
| Villagers / military | 197 / 183 |
Focus
⚔️ 42.0% · 🌾 58.0%
Kamayuk ×96 · Archer ×66 · Battering Ram ×10 · Unknown (2550) ×10 · Mangonel ×4 · Trebuchet (Packed) ×4
Feudal
9:32
Castle
25:03
Imperial
47:54
| APM avg | 48.6 |
| APM peak | 110 |
| eAPM avg | 32.2 |
| Villagers / military | 168 / 334 |
Focus
⚔️ 33.1% · 🌾 66.9%
Skirmisher ×140 · Scout Cavalry ×84 · Ghulam ×32 · Hand Cannoneer ×26 · Armored Elephant ×17 · Mangonel ×15
Match map
Initial resources + every placement click. Lines = walls · curves = elevation contours. ◆ gold · ⬟ stone · ● berries · ✦ relic · ◌ wall gap
Your base· Open — unwalled flank
Tibursio's base· Open — 3t gap
Smoothed initial terrain · ◌ = detected wall gap · hover for details
Inputs per minute
— catorce - - Tibursio
Build order — catorce
First 150 of 581 actions detected
| 0:00 | Queue | Villager (Male) |
| 0:00 | Queue | Villager (Male) |
| 0:01 | Queue | Villager (Male) |
| 0:01 | Queue | Villager (Male) |
| 0:07 | Build | Barracks |
| 0:30 | Research | Loom |
| 0:35 | Build | House |
| 0:49 | Queue | Villager (Male) |
| 0:54 | Queue | Villager (Male) |
| 0:54 | Queue | Villager (Male) |
| 0:54 | Queue | Villager (Male) |
| 1:08 | Queue | Unit 2550 |
| 1:39 | Queue | Villager (Male) |
| 2:18 | Queue | Villager (Male) |
| 2:18 | Queue | Villager (Male) |
| 2:45 | Queue | Villager (Male) |
| 3:07 | Queue | Villager (Male) |
| 3:07 | Queue | Villager (Male) |
| 3:20 | Queue | Villager (Male) |
| 3:20 | Queue | Villager (Male) |
| 3:47 | Queue | Villager (Male) |
| 3:47 | Queue | Villager (Male) |
| 4:18 | Build | House |
| 4:35 | Queue | Villager (Male) |
| 4:36 | Queue | Villager (Male) |
| 5:04 | Queue | Villager (Male) |
| 5:30 | Queue | Unit 2550 |
| 5:39 | Queue | Villager (Male) |
| 6:01 | Queue | Villager (Male) |
| 6:57 | Queue | Villager (Male) |
| 7:11 | Build | Settlement |
| 7:12 | Queue | Villager (Male) |
| 7:48 | Queue | Villager (Male) |
| 8:14 | Build | Settlement |
| 8:21 | Queue | Villager (Male) |
| 9:00 | Research | Feudal Age |
| 9:21 | Build | Settlement |
| 9:49 | Queue | Villager (Male) |
| 10:25 | Build | Outpost |
| 10:30 | Queue | Unit 2550 |
| 10:33 | Build | Farm |
| 10:34 | Build | Farm |
| 10:37 | Build | Farm |
| 10:45 | Build | Palisade Wall |
| 10:51 | Build | Palisade Wall |
| 10:57 | Queue | Villager (Male) |
| 11:10 | Age | Feudal Age |
| 11:17 | Research | Town Watch |
| 11:32 | Research | Double-Bit Axe |
| 11:37 | Queue | Villager (Male) |
| 12:02 | Queue | Villager (Male) |
| 12:24 | Build | Archery Range |
| 12:39 | Build | House |
| 12:41 | Build | Palisade Wall |
| 12:44 | Queue | Villager (Male) |
| 13:01 | Build | Palisade Wall |
| 13:08 | Queue | Villager (Male) |
| 13:12 | Build | Farm |
| 13:19 | Queue | Villager (Male) |
| 13:21 | Queue | Archer |
| 13:22 | Queue | Archer |
| 13:27 | Build | Farm |
| 13:35 | Build | House |
| 13:43 | Build | Palisade Wall |
| 13:45 | Build | Palisade Wall |
| 13:46 | Build | Palisade Wall |
| 13:51 | Queue | Villager (Male) |
| 14:04 | Build | Palisade Wall |
| 14:09 | Queue | Villager (Male) |
| 14:23 | Build | Palisade Wall |
| 14:28 | Queue | Archer |
| 14:30 | Build | Farm |
| 14:35 | Build | Palisade Wall |
| 14:58 | Queue | Archer |
| 15:04 | Build | Farm |
| 15:08 | Build | Palisade Wall |
| 15:14 | Queue | Villager (Male) |
| 15:22 | Queue | Villager (Male) |
| 15:43 | Build | Market |
| 15:52 | Research | Wheelbarrow |
| 16:08 | Build | Outpost |
| 16:28 | Queue | Archer |
| 16:37 | Build | Blacksmith |
| 17:39 | Research | Castle Age |
| 17:39 | Research | Castle Age |
| 17:53 | Build | House |
| 18:05 | Build | Watch Tower |
| 18:20 | Research | Gold Mining |
| 18:21 | Research | Horse Collar |
| 18:42 | Build | Farm |
| 18:58 | Queue | Archer |
| 19:06 | Research | Fletching |
| 19:09 | Build | House |
| 19:16 | Build | Archery Range |
| 19:34 | Queue | Archer |
| 19:48 | Queue | Villager (Male) |
| 19:54 | Queue | Archer |
| 20:19 | Age | Castle Age |
| 20:25 | Research | Crossbowman (upgrade) |
| 20:25 | Research | Crossbowman (upgrade) |
| 20:59 | Queue | Villager (Male) |
| 21:03 | Build | House |
| 21:05 | Build | House |
| 21:11 | Build | Palisade Wall |
| 21:14 | Queue | Villager (Male) |
| 21:21 | Build | Palisade Wall |
| 21:23 | Build | Palisade Wall |
| 21:27 | Queue | Villager (Male) |
| 21:29 | Build | House |
| 21:31 | Build | Palisade Wall |
| 21:33 | Build | Palisade Wall |
| 21:34 | Build | Palisade Wall |
| 21:46 | Build | Palisade Wall |
| 21:47 | Build | Palisade Wall |
| 21:56 | Research | Bodkin Arrow |
| 22:00 | Queue | Archer |
| 22:00 | Queue | Archer |
| 22:14 | Queue | Villager (Male) |
| 22:15 | Queue | Villager (Male) |
| 22:28 | Queue | Villager (Male) |
| 22:28 | Queue | Villager (Male) |
| 22:33 | Build | House |
| 22:43 | Build | House |
| 22:46 | Build | House |
| 22:48 | Build | Palisade Wall |
| 22:52 | Build | Farm |
| 22:52 | Build | Farm |
| 22:59 | Build | House |
| 23:03 | Queue | Villager (Male) |
| 23:22 | Build | Farm |
| 23:24 | Build | Farm |
| 23:24 | Queue | Villager (Male) |
| 23:40 | Build | Farm |
| 23:41 | Build | Farm |
| 23:42 | Build | Farm |
| 23:43 | Build | Farm |
| 23:44 | Build | Farm |
| 23:45 | Queue | Villager (Male) |
| 24:04 | Queue | Archer |
| 24:04 | Queue | Archer |
| 24:25 | Queue | Archer |
| 24:26 | Queue | Villager (Male) |
| 24:45 | Queue | Archer |
| 24:46 | Queue | Archer |
| 24:47 | Queue | Villager (Male) |
| 25:22 | Build | Castle |
| 25:27 | Queue | Archer |
| 25:27 | Queue | Archer |
| 25:33 | Build | Siege Workshop |
| 25:35 | Build | Monastery |
Build order — Tibursio
First 150 of 850 actions detected
| 0:00 | Queue | Villager (Male) |
| 0:00 | Queue | Villager (Male) |
| 0:01 | Queue | Villager (Male) |
| 0:02 | Build | House |
| 0:02 | Build | House |
| 0:08 | Queue | Villager (Male) |
| 1:12 | Queue | Villager (Male) |
| 1:12 | Queue | Villager (Male) |
| 1:31 | Queue | Villager (Male) |
| 1:31 | Queue | Villager (Male) |
| 2:00 | Queue | Villager (Male) |
| 2:00 | Queue | Villager (Male) |
| 2:03 | Build | Lumber Camp |
| 2:16 | Queue | Villager (Male) |
| 2:47 | Queue | Villager (Male) |
| 2:47 | Queue | Villager (Male) |
| 3:07 | Queue | Villager (Male) |
| 3:22 | Build | House |
| 3:41 | Queue | Villager (Male) |
| 3:41 | Queue | Villager (Male) |
| 4:43 | Queue | Villager (Male) |
| 4:43 | Queue | Villager (Male) |
| 5:26 | Build | Palisade Wall |
| 5:27 | Build | Palisade Wall |
| 5:37 | Queue | Villager (Male) |
| 5:51 | Research | Loom |
| 5:51 | Queue | Villager (Male) |
| 6:20 | Build | Mill |
| 6:22 | Queue | Villager (Male) |
| 6:49 | Build | House |
| 6:52 | Queue | Villager (Male) |
| 6:53 | Queue | Villager (Male) |
| 7:22 | Research | Feudal Age |
| 7:22 | Research | Feudal Age |
| 8:14 | Build | Barracks |
| 8:18 | Queue | Villager (Male) |
| 8:21 | Queue | Villager (Male) |
| 8:29 | Build | House |
| 8:30 | Build | Palisade Wall |
| 9:17 | Build | Mining Camp |
| 9:22 | Queue | Militia |
| 9:22 | Queue | Militia |
| 9:32 | Age | Feudal Age |
| 9:36 | Queue | Villager (Male) |
| 10:31 | Research | Man-at-Arms (upgrade) |
| 10:39 | Build | Lumber Camp |
| 10:54 | Build | House |
| 10:54 | Build | House |
| 10:57 | Build | Mill |
| 11:19 | Queue | Villager (Male) |
| 11:55 | Build | Palisade Wall |
| 12:06 | Build | House |
| 12:07 | Build | House |
| 12:17 | Queue | Militia |
| 12:25 | Build | Palisade Wall |
| 12:28 | Queue | Villager (Male) |
| 12:28 | Queue | Villager (Male) |
| 12:58 | Queue | Villager (Male) |
| 12:58 | Queue | Villager (Male) |
| 12:58 | Queue | Villager (Male) |
| 13:06 | Queue | Spearman |
| 13:25 | Build | House |
| 13:29 | Build | Farm |
| 13:30 | Build | Farm |
| 13:31 | Build | Farm |
| 13:33 | Queue | Villager (Male) |
| 13:48 | Queue | Militia |
| 13:49 | Queue | Militia |
| 13:59 | Queue | Villager (Male) |
| 14:02 | Build | Farm |
| 14:02 | Build | Farm |
| 14:03 | Queue | Villager (Male) |
| 14:04 | Queue | Villager (Male) |
| 14:13 | Build | House |
| 14:14 | Build | Palisade Wall |
| 14:17 | Queue | Militia |
| 14:17 | Queue | Militia |
| 14:36 | Queue | Villager (Male) |
| 14:51 | Research | Double-Bit Axe |
| 14:51 | Research | Double-Bit Axe |
| 15:17 | Build | Stable |
| 15:27 | Queue | Villager (Male) |
| 15:28 | Queue | Villager (Male) |
| 15:28 | Queue | Villager (Male) |
| 15:28 | Queue | Villager (Male) |
| 15:29 | Queue | Villager (Male) |
| 15:29 | Queue | Villager (Male) |
| 15:37 | Build | House |
| 15:38 | Build | House |
| 15:46 | Build | House |
| 15:47 | Build | House |
| 16:14 | Build | Farm |
| 16:14 | Build | Farm |
| 16:16 | Queue | Villager (Male) |
| 16:20 | Queue | Villager (Male) |
| 16:23 | Queue | Scout Cavalry |
| 16:28 | Queue | Scout Cavalry |
| 16:53 | Build | Blacksmith |
| 16:55 | Queue | Villager (Male) |
| 17:01 | Build | House |
| 17:18 | Queue | Villager (Male) |
| 17:32 | Build | Farm |
| 17:33 | Build | Farm |
| 17:34 | Build | Farm |
| 17:48 | Build | Palisade Gate |
| 17:53 | Queue | Scout Cavalry |
| 17:53 | Queue | Scout Cavalry |
| 17:58 | Queue | Villager (Male) |
| 17:58 | Queue | Villager (Male) |
| 18:13 | Build | Farm |
| 18:13 | Queue | Villager (Male) |
| 18:31 | Build | Mill |
| 18:32 | Build | Farm |
| 18:32 | Build | Farm |
| 18:32 | Build | Farm |
| 18:32 | Build | Farm |
| 18:33 | Build | Farm |
| 18:33 | Build | Farm |
| 18:52 | Queue | Villager (Male) |
| 18:55 | Build | Farm |
| 18:55 | Build | Farm |
| 19:02 | Queue | Villager (Male) |
| 19:17 | Build | Farm |
| 19:27 | Queue | Villager (Male) |
| 19:44 | Build | Market |
| 19:46 | Queue | Villager (Male) |
| 19:48 | Build | Farm |
| 20:04 | Queue | Villager (Male) |
| 20:13 | Research | Scale Barding Armor |
| 20:29 | Build | Farm |
| 20:30 | Build | Farm |
| 20:34 | Research | Bloodlines |
| 20:53 | Build | Watch Tower |
| 20:55 | Build | House |
| 20:56 | Build | House |
| 20:58 | Build | House |
| 20:59 | Build | House |
| 21:01 | Build | House |
| 21:03 | Build | House |
| 21:13 | Queue | Villager (Male) |
| 21:19 | Build | Farm |
| 21:37 | Queue | Villager (Male) |
| 21:41 | Build | Farm |
| 21:42 | Build | Farm |
| 21:44 | Queue | Villager (Male) |
| 21:57 | Build | Archery Range |
| 22:01 | Build | Archery Range |
| 22:11 | Build | House |
| 22:23 | Research | Castle Age |
| 22:38 | Build | Farm |
Match timeline
| 0:07 | catorce · first_building Barracks |
| 5:26 | Tibursio · wall_segment Palisade Wall x1 |
| 5:27 | Tibursio · wall_segment Palisade Wall x1 |
| 8:14 | Tibursio · first_building Barracks |
| 8:30 | Tibursio · wall_segment Palisade Wall x1 |
| 9:32 | Tibursio · age_up feudal |
| 10:45 | catorce · wall_segment Palisade Wall x10 |
| 10:51 | catorce · wall_segment Palisade Wall x7 |
| 11:10 | catorce · age_up feudal |
| 11:55 | Tibursio · wall_segment Palisade Wall x15 |
| 12:24 | catorce · first_building Archery Range |
| 12:25 | Tibursio · wall_segment Palisade Wall x21 |
| 12:41 | catorce · wall_segment Palisade Wall x6 |
| 13:01 | catorce · wall_segment Palisade Wall x1 |
| 13:43 | catorce · wall_segment Palisade Wall x1 |
| 13:45 | catorce · wall_segment Palisade Wall x1 |
| 13:46 | catorce · wall_segment Palisade Wall x1 |
| 14:04 | catorce · wall_segment Palisade Wall x3 |
| 14:14 | Tibursio · wall_segment Palisade Wall x5 |
| 14:23 | catorce · wall_segment Palisade Wall x4 |
| 14:35 | catorce · wall_segment Palisade Wall x3 |
| 15:08 | catorce · wall_segment Palisade Wall x4 |
| 15:17 | Tibursio · first_building Stable |
| 16:45 | catorce · first_market_buy 100 food |
| 17:05 | catorce · first_market_sell 100 wood |
| 20:19 | catorce · age_up castle |
| 20:47 | Tibursio · first_market_buy 100 food |
| 21:11 | catorce · wall_segment Palisade Wall x1 |
| 21:21 | catorce · wall_segment Palisade Wall x2 |
| 21:23 | catorce · wall_segment Palisade Wall x1 |
| 21:31 | catorce · wall_segment Palisade Wall x1 |
| 21:33 | catorce · wall_segment Palisade Wall x1 |
| 21:34 | catorce · wall_segment Palisade Wall x1 |
| 21:46 | catorce · wall_segment Palisade Wall x1 |
| 21:47 | catorce · wall_segment Palisade Wall x1 |
| 21:57 | Tibursio · first_building Archery Range |
| 22:48 | catorce · wall_segment Palisade Wall x1 |
| 25:03 | Tibursio · age_up castle |
| 25:22 | catorce · first_building Castle |
| 25:33 | catorce · first_building Siege Workshop |
| 25:35 | catorce · first_building Monastery |
| 26:16 | Tibursio · first_building Siege Workshop |
| 32:26 | Tibursio · first_building Castle |
| 36:03 | Tibursio · first_building Monastery |
| 40:02 | Tibursio · first_market_sell 100 wood |
| 41:01 | catorce · age_up imperial |
| 47:54 | Tibursio · age_up imperial |
| 70:56 | catorce · resign |
[ AI ANALYSIS · 1 CREDIT ]
What really happened in this match?
Wolo.gg analyzes every decision: build order, eco, micro, common mistakes by bracket. Personalized analysis on WhatsApp or Discord in 30 seconds.
Civ guide
Incas
Perfil
Jugador #3284705